 Dungeon Crawl Stone Soup version 0.30-a0-605-gb2882149bf (webtiles) character file.

Game seed: 4253444386554862462

1211 wormed the Changer (level 8, -5/61 HPs)
             Began as an Octopode Transmuter on Jan 8, 2023.
             Slain by a gnoll
             ... wielding a +0 halberd
             ... led by a gnoll bouda
              (10 damage)
             ... on level 5 of the Dungeon.
             The game lasted 00:07:06 (5367 turns).

wormed the Changer (Octopode Transmuter)            Turns: 5367, Time: 00:07:06

Health: -5/61      AC:  7    Str:  9    XL:     8   Next: 46%
Magic:  10/14      EV: 10    Int: 18    God:
Gold:   200        SH:  0    Dex: 12    Spells: 9/16 levels left

rFire   x . .      SeeInvis .      - Unarmed
rCold   + + +      Faith    .    (shield currently unavailable)
rNeg    . . .      Spirit   .    (helmet currently unavailable)
rPois   +          Reflect  .    (no amulet)
rElec   .          Harm     .    (no ring)
rCorr   .          Rampage  .    (no ring)
Will    .....                    (no ring)
Stlth   +                        (no ring)
HPRegen 0.30/turn                (no ring)
MPRegen 0.14/turn                (no ring)
                                 (no ring)
                                 (no ring)

@: ice-form, weakened, wereblooded
A: freezing attack, boosted hp, almost no armour, amphibious, 8 rings, large,
(camouflage 1), (gelatinous body 1), (nimble swimmer 1), (tentacles)
a: End Transformation


You were on level 5 of the Dungeon.
You were a creature of crystalline ice.
You visited 1 branch of the dungeon, and saw 6 of its levels.

You collected 200 gold pieces.

Inventory:

Magical Staves
 p - a staff of air (melded)
Jewellery
 o - a ring of protection from cold
Wands
 r - a wand of flame (8)
 u - a wand of mindburst (15)
Scrolls
 a - a scroll of fear {unknown}
 b - 2 scrolls of immolation {unknown}
 c - a scroll of vulnerability {unknown}
 d - a scroll of fog {unknown}
 i - a scroll of noise {unknown}
 j - 4 scrolls of identify {unknown}
 l - a scroll of amnesia {unknown}
 m - 4 scrolls of teleportation {unknown}
 q - a scroll of torment {unknown}
 s - 2 scrolls of enchant armour {unknown}
 t - a scroll of magic mapping {unknown}
Potions
 e - 3 potions of might {unknown}
 f - a potion of cancellation {unknown}
 g - 2 potions of heal wounds {unknown}
 h - 2 potions of haste {unknown}
 n - 2 potions of degeneration {unknown}
 v - a potion of resistance {unknown}
 w - a potion of attraction {unknown}


   Skills:
 + Level 2.6 Fighting
 + Level 3.0 Dodging
 + Level 3.8 Unarmed Combat
 + Level 4.5 Spellcasting
 * Level 6.5 Transmutations
 + Level 4.2 Ice Magic


You had 9 spell levels left.
You knew the following spells:

 Your Spells              Type           Power      Damage    Failure   Level
a - Ice Form              Ice/Tmut       23%        N/A       16%         4
b - Wereblood             Tmut           27%        N/A       1%          2
z - Beastly Appendage     Tmut           54%        N/A       1%          1

Your spell library contained the following spells:

 Spells                   Type           Power      Damage    Failure   Level
 Spider Form              Tmut/Pois      15%        N/A       11%         3
 Necrotise                Necr           16%        1d4       14%         1
 Ignite Poison            Fire/Tmut/Pois 11%        N/A       17%         3
 Dazzling Flash           Conj/Hex       8%         N/A       38%         3
 Vampiric Draining        Necr           4%         2d6       38%         3
 Iskenderun's Mystic Bla  Conj/Tloc      4%         2d3       80%         4
 Agony                    Necr           4%         N/A       98%         5
 Fireball                 Conj/Fire      2%         3d4       98%         5
 Starburst                Conj/Fire      2%         6d3       100%        6
 Borgnjor's Revivificati  Necr           2%         N/A       100%        8


Dungeon Overview and Level Annotations

Branches:
Dungeon (6/15)
 Temple: D:4-7

Altars:
Dithmenos
Fedhas
Okawaru
Qazlal
Wu Jian

Shops:
D:2 :[*

Annotations:
D:5 1 transporter


Innate Abilities, Weirdness & Mutations

You are a creature of crystalline ice.
You have a powerful freezing melee attack.
Your maximum health is increased.
Your armour is entirely melded.
You are incapable of wielding weapons or throwing items.
You cannot wear most types of armour.
You are amphibious.
You can wear up to eight rings at the same time.
((Your skin changes colour to match your surroundings (Stealth+).))
((Your rubbery body absorbs attacks. (AC +1, EV +1)))
((You are camouflaged when in or above water. (Stealth+)))
((You have tentacles for arms and can constrict up to eight enemies at once.))


Message History

Your attacks no longer feel as feeble.
There is a stone staircase leading down here.
The gnoll bouda gazes fiercely through you!
You feel your attacks grow feeble.
Casting: Ice Form (dangerous; 16% risk of failure)
Confirm with . or Enter, or press ? or * to list all spells.
Your blood is infused with primal strength.
The gnoll closely misses you.
The gnoll bouda barks out a call to the hunt!
The gnolls pick up the pace!
You feel better.
Your attacks no longer feel as feeble.
The gnoll hits you from afar with a +0 halberd!
* * * LOW HITPOINT WARNING * * *
You feel better.
The gnoll bouda gazes fiercely through you!
You feel your attacks grow feeble.
The gnoll hits you from afar with a +0 halberd!
* * * LOW HITPOINT WARNING * * *
You hit the gnoll bouda. You freeze the gnoll bouda.
The gnoll bouda is moderately wounded.
The gnoll bouda hits you with a +0 whip.
* * * LOW HITPOINT WARNING * * *
The gnoll barely misses you.
You completely miss the gnoll bouda.
The gnoll bouda is moderately wounded.
The gnoll closely misses you.
The gnoll bouda gazes fiercely through you!
You feel as though you will be weak longer.
The gnoll bouda hits you with a +0 whip.
* * * LOW HITPOINT WARNING * * *
The phantom hits you but does no damage.
The gnoll hits you but does no damage.
You hit the gnoll bouda but do no damage.
The gnoll bouda is moderately wounded.
The gnoll bouda completely misses you. The gnoll closely misses you.
The phantom hits you.
* * * LOW HITPOINT WARNING * * *
The gnoll hits you from afar with a +0 halberd!
You die...

### ### #.## ##.#
##..#####.## #####
...#...###.######...#
..###.## ##..gggY#..#
..# #.## #.###gW#####
..# ##.# #.# ##.##
.## #)###g####.[# .#
#.##W..##...### .#
###...........#.#
.###..g####.......##
.....g.# #....##..#
#...##.###....#####


You could see a phantom, a gnoll bouda and 3 gnolls.

Vanquished Creatures
  Menkaure (D:4)
  2 black bears
  A centaur (D:5)
  2 ogres (D:4)
  2 phantoms
  A necrophage (D:4)
  A hound (D:4)
  3 jellies
  2 orc priests
  An iguana (D:5)
  An orc wizard (D:5)
  8 gnolls
  4 adders
  A shadow imp (D:5)
  3 worms
  2 dart slugs
  11 orcs
  8 ball pythons
  3 bats
  6 endoplasms
  2 giant cockroaches
  9 goblins
  3 hobgoblins (D:1)
  5 jackals (D:1)
  5 kobolds
  3 quokkas
  4 frilled lizards
  7 rats
101 creatures vanquished.

Notes
Turn   | Place    | Note
-------+----------+-------------------------------------------
     0 | D:1      | wormed the Octopode Transmuter began the quest for the Orb.
     0 | D:1      | Reached XP level 1. HP: 13/13 MP: 3/3
    39 | D:1      | Reached XP level 2. HP: 8/18 MP: 5/5
    59 | D:1      | Learned a level 2 spell: Wereblood
   216 | D:1      | Got Sif Muna's Volume of the Pyre and Wicked Rites
   265 | D:1      | Reached skill level 1 in Ice Magic
   351 | D:1      | Reached XP level 3. HP: 23/23 MP: 2/6
   940 | D:2      | Noticed a phantom
   945 | D:2      | Reached skill level 3 in Transmutations
   958 | D:2      | Killed a phantom
   959 | D:2      | Reached XP level 4. HP: 11/28 MP: 5/8
  1153 | D:2      | Reached XP level 5. HP: 26/33 MP: 5/9
  1194 | D:2      | Found an iron altar of Okawaru.
  1203 | D:2      | Found Syakhlole's General Store.
  1264 | D:2      | Found Ruchif's Antique Armour Emporium.
  1358 | D:2      | Found Awkamux's Book Shop.
  1452 | D:2      | Reached skill level 4 in Transmutations
  1803 | D:2      | Found a faded altar of an unknown god.
  1857 | D:3      | Noticed a black bear
  1869 | D:3      | Killed a black bear
  1870 | D:3      | Reached XP level 6. HP: 38/38 MP: 7/10
  1922 | D:3      | Learned a level 4 spell: Ice Form
  2732 | D:3      | Found an ornate altar of the Wu Jian Council.
  2886 | D:3      | Found a stormy altar of Qazlal.
  2919 | D:3      | Found a blossoming altar of Fedhas.
  3261 | D:4      | Noticed Menkaure
  3285 | D:4      | Reached skill level 5 in Transmutations
  3287 | D:4      | Killed Menkaure
  3288 | D:4      | Reached XP level 7. HP: 43/43 MP: 4/12
  3715 | D:4      | Found a shadowy altar of Dithmenos.
  3951 | D:4      | Reached skill level 6 in Transmutations
  4508 | D:4      | Reached XP level 8. HP: 50/50 MP: 10/14
  4570 | D:5      | Entered Level 5 of the Dungeon
  4636 | D:5      | Found a transporter.
  4954 | D:5      | Noticed a kobold demonologist
  5367 | D:5      | Slain by a gnoll

Illustrated notes

Levels and vault maps discovered:
D:1:      nicolae_arrival_somewhat_less_tricky_arrival, layout_rooms,
          st_stairs_5, corexii_item_surrounded_by_moat,
          corexii_leaking_fountain, minmay_misc_feat_cross
D:2:      layout_basic, basic_altar, shapermc_ecumenical_altar_mp_vishouse,
          serial_shops, nicolae_shop_waterfront, shop, nicolae_shop_waterfront,
          kennysheep_cross_room
D:3:      layout_basic, nicolae_wu_jian_immortal_techniques,
          grunt_temple_overflow_forces_of_nature
D:4:      layout_basic, mainiacjoe_overflow_surrounded_room, uniq_menkaure
D:5:      gammafunk_wand_slinger, layout_layer_cave, minmay_temple_entry_trees
D:6:      cheibrodos_steamvent, layout_cave_pools, nemelex_diamond_rough_becter,
          serial_bayou_pond_c, hex_medium, uniq_edmund

Skill      XL: |  1  2  3  4  5  6  7  8 |
---------------+-------------------------+-----
Ice Magic      | 1 2 3 4 |  4.2
Transmutations | 3 4 5 6 |  6.5
Spellcasting   | 3 4 |  4.5
Fighting       | 2 |  2.6
Dodging        | 3 |  3.0
Unarmed Combat | |  3.8

Action                   |  1- 3 |  4- 6 |  7- 9 || total
-------------------------+-------+-------+-------++-------
Melee: Unarmed           |    71 |    87 |    94 ||   252
       Tentacles         |    15 |     8 |     3 ||    26
       Constrict         |    17 |     8 |     1 ||    26
       Kick              |    13 |    10 |       ||    23
       Punch             |     4 |     1 |     1 ||     6
       Staff             |       |     1 |     4 ||     5
 Cast: Beastly Appendage |    12 |     9 |       ||    21
       Wereblood         |     9 |    12 |    16 ||    37
       Ice Form          |       |    10 |    19 ||    29
  Use: Potion            |     1 |     1 |     5 ||     7
 Stab: Sleeping          |     2 |       |       ||     2
Armor: Skin              |    10 |    17 |    25 ||    52
Dodge: Dodged            |    36 |    35 |    53 ||   124

Table legend: (Time is in decaauts)
 A = Elapsed time spent in this place.
 B = Non-inter-level travel time spent in this place.
 C = Inter-level travel time spent in this place.
 D = Time resting spent in this place.
 E = Time spent auto-exploring this place.
 F = Levels seen in this place.
 G = Mean time per level.
                   A        B        C        D        E       F      G
               +--------+--------+--------+--------+--------+-----+--------+
         Total |   5352 |   5238 |    114 |      0 |   4460 |   6 |  892.0 |
       Dungeon |   5352 |   5238 |    114 |      0 |   4460 |   6 |  892.0 |
               +--------+--------+--------+--------+--------+-----+--------+

Top non-repeatable levels by time:
     D:4: 1545 daAuts
     D:3: 1172 daAuts
     D:2: 957 daAuts
     D:1: 883 daAuts
     D:5: 792 daAuts
     D:6: 2 daAuts
